AoeStats
← Blyad _Mann

Lombardia

508517419Analyzed
4v4 RM · 9d ago on Sep 22, 2026· 49m 11s· 8 players
Game mode
Random Map
Map size
Large (8 player)
Population
200
Speed
Normal
Resources
Standard
Victory
Conquest
Starting age
Dark Age
Ending age
Imperial Age
RankedLock teamsTeams togetherTeam positionsShared explorationLock speedFull tech treeHidden civsTurbo modeCheats
Victory
Defeat
🇨🇴 Shu · Colombia
1165
+10
🇪🇸 Teutons · Spain
1041
+14
🇨🇦 Khmer · Canada
988
+16
🇪🇸 Franks · Spain
941
+18
🇨🇭 Random · Switzerland
1062
-17
🇦🇹 Celts · Austria
1000
-42
🇳🇱 Random · Netherlands
992
-14
🇩🇪 Armenians · Germany
959
-13
Blyad _Mann
0:28 Loom
12:05 Feudal Age
14:54 Double-Bit Axe
14:53 Horse Collar
19:53 Castle Age
18:07 Forging
17:57 Scale Mail Armor
20:13 Stone Mining
25:52 Imperial Age
25:50 Wheelbarrow
Repl4y
7:46 Loom
10:00 Feudal Age
11:03 Double-Bit Axe
11:06 Horse Collar
11:59 Bloodlines
17:55 Forging
17:58 Scale Barding Armor
22:41 Wheelbarrow
25:25 Castle Age
25:00 Gold Mining
26:23 Husbandry
28:22 Hand Cart
39:49 Chain Barding Armor
40:04 Iron Casting
43:38 Iron Casting
lnvis
3:33 Loom
11:27 Feudal Age
11:27 Man-at-Arms
12:45 Double-Bit Axe
12:45 Long Swordsman
15:15 Horse Collar
17:47 Scale Mail Armor
18:01 Arson
20:01 Pikeman
22:06 Forging
26:19 Castle Age
26:21 Halberdier
27:02 Squires
26:47 Gambesons
26:23 Two-Handed Swordsman
28:24 Chain Mail Armor
35:41 Wheelbarrow
35:31 Gold Mining
35:51 Bow Saw
35:59 Heavy Plow
35:56 Champion
40:27 Imperial Age
41:11 Stone Mining
43:36 Plate Mail Armor
44:01 Fereters
44:17 Conscription
andreas
11:30 Feudal Age
12:50 Double-Bit Axe
13:17 Horse Collar
21:16 Castle Age
23:52 Pikeman
28:00 Loom
30:20 Town Watch
Kaede
6:46 Loom
10:38 Feudal Age
12:30 Double-Bit Axe
18:57 Castle Age
18:29 Wheelbarrow
18:29 Scale Barding Armor
19:42 Forging
21:37 Iron Casting
22:18 Bow Saw
24:37 Pikeman
30:07 Husbandry
32:10 Chain Barding Armor
38:21 Caravan
41:57 Imperial Age
41:14 Hand Cart
41:49 Ballistics
42:03 Cavalier
44:05 Town Watch
46:30 Paladin
49:37 Plate Barding Armor
50:03 Blast Furnace
Cosechador de almas
0:37 Loom
12:43 Feudal Age
24:11 Castle Age
40:45 Double-Bit Axe
40:45 Horse Collar
41:01 Fletching
41:12 Padded Archer Armor
42:37 Bodkin Arrow
42:57 Leather Archer Armor
43:26 Wheelbarrow
45:00 Bow Saw
45:43 Hand Cart
EL MIME
9:01 Loom
10:46 Feudal Age
10:06 Loom
11:52 Feudal Age
15:35 Castle Age
13:49 Double-Bit Axe
14:28 Gold Mining
16:48 Bloodlines
17:33 Husbandry
21:09 Bow Saw
21:14 Scale Barding Armor
21:19 Forging
32:05 Iron Casting
40:28 Wheelbarrow
39:38 Town Watch
40:30 Gold Shaft Mining
39:45 Stone Mining
49:17 Imperial Age
Joy el Implacable
7:26 Loom
9:49 Feudal Age
10:49 Double-Bit Axe
14:50 Fletching
15:00 Padded Archer Armor
15:11 Horse Collar
17:08 Town Watch
19:49 Wheelbarrow
22:58 Castle Age
21:01 Gold Mining
23:40 Bodkin Arrow
23:08 Crossbowman
24:50 Leather Archer Armor
25:04 Thumb Ring
25:33 Bow Saw
25:59 Gold Shaft Mining
25:27 Heavy Plow
26:54 Stone Mining
35:21 Imperial Age
33:27 Coiled Serpent Array
36:35 Ring Archer Armor
37:15 Conscription
36:18 Elite White Feather Guard
37:03 Scale Mail Armor
39:10 Conscription
39:10 Chain Mail Armor
38:44 Treadmill Crane
39:36 Forging
41:26 Plate Mail Armor
44:09 Bolt Magazine
46:05 Hoardings
46:43 Chemistry
48:21 Spies/Treason
Connection lost

Rejoining the realm…

Still unreachable

The connection could not be restored.

Session expired

The server has moved on; the page needs a fresh start.